Map: Catalyst LE

Players

SCAnalysT

  • Race: Terran Terran
  • Spawn Location: 11:00

A.I. 1 (Very Easy) - Winner!

  • Race: Zerg Zerg
  • Spawn Location: 5:00

VOD

https://www.youtube.com/watch?v=RCjPDaSOOo4&t=33s

Description

The replay in particular contains one of the most flexible Terran openers that are done at the professional level. The VOD goes over this build, as well as two others that are also popular and commonly used.

Time

  • Played on: April 11, 2018, 11:17 p.m.
  • Length: 3:10
Show
View Real Time Build Order
Export as new Build Order

SCAnalysT Terran 

Build Orders: Reaper Expand 

Get SALT Encoding   

  12  0:00  SCV  
  13  0:12  SCV  
  14  0:18  Supply Depot  
  14  0:24  SCV  
  15  0:39  SCV  
  15  0:41  Barracks  
  16  0:45  Refinery  
  16  0:51  SCV  
  17  1:03  SCV  
  18  1:16  SCV  
  19  1:28  Orbital Command, Reaper  
  20  1:42  Command Center  
  20  1:53  SCV  
  21  1:54  Supply Depot  
  21  2:00  Marine  
  22  2:06  SCV  
  23  2:09  Factory  
  23  2:15  Refinery  
  23  2:18  SCV  
  24  2:23  Barracks Reactor  
  24  2:30  SCV  
  25  2:43  SCV  
  26  2:54  Starport  
  31  3:08  Barracks Tech Lab  
Show
View Real Time Build Order
Export as new Build Order

A.I. 1 (Very Easy) Zerg - Winner!

Build Orders: Pool Only 

Get SALT Encoding   

  12  0:01  Drone  
  13  0:12  Overlord  
  13  0:17  Drone  
  14  0:35  Spawning Pool  
  13  0:37  Drone  
  13  0:41  Extractor  
  13  0:45  Drone  
  14  0:51  Overlord  
  14  1:22  Queen, Zergling x2  
  17  1:31  Roach Warren  
  17  1:32  Extractor  
  15  1:37  Drone  
  16  1:41  Zergling x2  
  16  1:44  Drone  
  18  1:58  Drone  
  18  2:00  Zergling x2  
  20  2:09  Drone  
  21  2:20  Drone  
  22  2:29  Drone  
  23  2:32  Overlord  
  23  2:36  Drone  
  24  2:43  Drone  
Tags
 
Add a new tag
Caveats
  • Supply blocks, unpowered buildings, or Contaminate may cause inaccurate times.
  • Supply counts are checked every 10 seconds.